 Dungeon Crawl Stone Soup version 0.22.1-1-ga44c0e5 (webtiles) character file.

93 Starchild the Chiller (level 4, -5/30 HPs)
             Began as a Merfolk Ice Elementalist on Sept 25, 2018.
             Slain by an orc
             ... wielding a +0 mace
              (6 damage)
             ... on level 2 of the Dungeon.
             The game lasted 00:03:55 (964 turns).

Starchild the Chiller (Merfolk Ice Elementalist)     Turns: 964, Time: 00:03:56

Health: -5/30      AC:  2    Str:  8    XL:     4   Next: 62%
Magic:  1/7        EV: 14    Int: 15    God:
Gold:   105        SH:  0    Dex: 14    Spells: 1/7 levels left

rFire    x . .     SeeInvis .   i - +2 short sword (flame)
rCold    + . .     Gourm    .   (no shield)
rNeg     . . .     Faith    .   a - +0 robe
rPois    .         Spirit   .   (no helmet)
rElec    .         Reflect  .   (no cloak)
rCorr    .         Harm     .   (no gloves)
MR       .....                  (no boots)
Stlth    ++........             (no amulet)
HPRegen  0.10/turn              f - ring of ice
MPRegen  0.10/turn              (no ring)

@: no status effects
A: change form in water, swift swim, stealthy swim
a: no special abilities


You were on level 2 of the Dungeon.
You were hungry.

You visited 1 branch of the dungeon, and saw 2 of its levels.

You collected 105 gold pieces.

Inventory:

Hand Weapons
 i - a +2 short sword of flaming (weapon)
Missiles
 b - 39 stones (quivered)
Armour
 a - a +0 robe (worn)
Jewellery
 f - a ring of ice (left hand)
Scrolls
 d - a scroll of noise {unknown}
 e - a scroll of fear {unknown}
 h - a scroll of enchant armour {unknown}
Comestibles
 c - 2 rations


   Skills:
 * Level 4.3 Dodging
 - Level 2.1 Stealth
 - Level 2.0 Spellcasting
 - Level 0.7 Conjurations
 + Level 4.9 Ice Magic


You had one spell level left.
You knew the following spells:

 Your Spells              Type           Power        Failure   Level  Hunger
a - Freeze                Ice            ###.         3%          1    #......
b - Throw Frost           Conj/Ice       ###...       11%         2    ###....
c - Ozocubu's Armour      Chrm/Ice       ##......     24%         3    ###....

Your spell library contained the following spells:

 Spells                   Type           Power        Failure   Level  Hunger
 Throw Icicle             Conj/Ice       ###.....     56%         4    #####..
 Summon Ice Beast         Ice/Summ       ##......     63%         4    #####..


Dungeon Overview and Level Annotations

Branches:
Dungeon (2/15)

Altars:
Gozag


Message History

* * * LOW HITPOINT WARNING * * *
The orc wizard hits you with a dagger.
* * * LOW HITPOINT WARNING * * *
You hit the orc wizard. You burn the orc wizard.
You kill the orc wizard!
You start resting.
An orc comes into view. It is wielding a mace.
The orc shouts!
You hit the orc. You burn the orc.
The orc is severely wounded.
You hear a shout!
The orc misses you.
You closely miss the orc.
The orc is severely wounded.
The orc hits you with a mace.
* * * LOW HITPOINT WARNING * * *
It was a potion of cancellation.
You feel magically purged.
Your magical contamination has completely faded away.
The orc hits you with a mace.
You die...

###.#...#
#.##.<# #.....#
####.##
###.######
#.........#
#o....o...#
###o###.....#
#...@.##....o
#.8..)8.#..o.#
#.......# ....
#....._.........
...#.......#...
.###.8...8.#....
##.....## ###
###.###


You could see an orc wizard and an orc.

Vanquished Creatures
  An orc wizard (D:2)
  An orc priest (D:2)
  An ooze (D:1)
  2 leopard geckos (D:1)
  5 bats (D:1)
  2 hobgoblins (D:1)
  3 frilled lizards
  8 goblins (D:1)
  A kobold (D:1)
  4 rats (D:1)
28 creatures vanquished.

Notes
Turn   | Place    | Note
-------+----------+-------------------------------------------
     0 | D:1      | Starchild the Merfolk Ice Elementalist began the quest for
                  | the Orb.
     0 | D:1      | Reached XP level 1. HP: 13/13 MP: 3/3
   215 | D:1      | Reached XP level 2. HP: 14/19 MP: 0/5
   458 | D:1      | Reached XP level 3. HP: 12/24 MP: 0/6
   610 | D:1      | Learned a level 2 spell: Throw Frost
   614 | D:1      | Learned a level 3 spell: Ozocubu's Armour
   930 | D:2      | Found an opulent altar of Gozag.
   940 | D:2      | Reached XP level 4. HP: 27/30 MP: 0/7
   963 | D:2      | HP: 1/30 [orc/mace (5)]
   964 | D:2      | Slain by an orc

Skill      XL: |  1  2  3 |
---------------+----------+-----
Dodging        | 3 4 |  4.3
Ice Magic      | 4 |  4.9
Stealth        | |  2.1
Spellcasting   | |  2.0
Conjurations   | |  0.7

Action                   |  1- 3 |  4- 6 || total
-------------------------+-------+-------++-------
Melee: Unarmed           |    18 |       ||    18
       Short sword       |     8 |    12 ||    20
 Cast: Freeze            |    25 |     2 ||    27
       Throw Frost       |     1 |       ||     1
  Use: Potion            |       |     1 ||     1
 Stab: Sleeping          |     2 |       ||     2
Armor: Robe              |     6 |       ||     6
Dodge: Dodged            |    37 |     4 ||    41
